 Dungeon Crawl Stone Soup version 0.20-a0-903-g7e3609c (console) character file.

32573 pagos the Bludgeoner (level 13, -4/96 HPs)
             Began as a Minotaur Fighter on Mar 20, 2017.
             Was an Initiate of Gozag.
             Shot with an arrow by Nessos (14 damage)
             ... on level 4 of the Lair of Beasts on Mar 21, 2017.
             The game lasted 00:51:44 (11998 turns).

pagos the Bludgeoner (Minotaur Fighter)            Turns: 11998, Time: 00:51:44

Health: -4/96      AC: 21    Str: 24    XL:     13   Next: 32%
Magic:  0/24       EV: 14    Int:  5    God:    Gozag
Gold:   2665       SH:  0    Dex: 12    Spells: 9/12 levels left

rFire    . . .     SeeInvis +   a - +3 dire flail (venom)
rCold    . . .     Gourm    .   w - +1 pearl dragon scales
rNeg     + . .     Faith    .   (shield currently unavailable)
rPois    .         Spirit   +   (helmet restricted)
rElec    .         Reflect  .   b - +1 cloak
rCorr    .         Harm     .   r - +0 pair of gloves
MR       .....                  (no boots)
Stlth    ..........             E - amulet of guardian spirit
Regen    0.3/turn               u - ring of see invisible
MPRegen  0.2/turn               C - ring of magical power

@: lethally poisoned (-4 -> -31), marked, gold aura, very slightly contaminated,
hasted, very quick
A: retaliatory headbutt, horns 2
a: Potion Petition, Call Merchant, Bribe Branch, Renounce Religion


You were on level 4 of the Lair of Beasts.
You worshipped Gozag.
Gozag was most pleased with you.
You were not hungry.

You visited 2 branches of the dungeon, and saw 16 of its levels.

You collected 3553 gold pieces.
You spent 204 gold pieces at shops.
You paid 684 gold pieces to Gozag.

Inventory:

Hand Weapons
 a - a +3 dire flail of venom (weapon)
 e - a +1 battleaxe of draining
Armour
 b - a +1 cloak (worn)
 h - a +3 leather armour of magic resistance
 r - a +0 pair of gloves (worn)
 w - +1 pearl dragon scales (worn)
Jewellery
 u - a ring of see invisible (right hand)
 x - an uncursed ring of flight
 C - a ring of magical power (left hand)
 D - a +5 ring of slaying
 E - an amulet of guardian spirit (around neck)
Wands
 m - a wand of digging (9/24)
 t - a wand of lightning (6/15)
 y - a wand of disintegration (8/24)
 L - a wand of paralysis (7/24)
 R - a wand of iceblast (10/15)
 U - a wand of confusion (18/48)
Scrolls
 i - 3 scrolls of identify
 k - 8 scrolls of remove curse
 p - 7 scrolls of fear
 s - 5 scrolls of magic mapping
 v - 4 scrolls of teleportation
 J - a scroll of blinking
 V - 2 scrolls of fog
Potions
 l - 3 potions of brilliance
 o - 2 potions of haste
 q - 2 potions of flight
 z - 2 potions of magic {unknown}
 A - 3 potions of agility
 H - 2 potions of lignification {unknown}
 I - 2 potions of mutation {unknown}
 K - a potion of ambrosia {unknown}
 M - a potion of resistance {unknown}
 P - a potion of cancellation {unknown}
Books
 d - a Young Poisoner's Handbook

   Spells                             Type                      Level
   a - Sting                          Conjuration/Poison           1
   b - Poisonous Vapours              Poison/Air                   2
   c - Mephitic Cloud                 Conjuration/Poison/Air       3
   d - Olgreb's Toxic Radiance        Poison                       4
   e - Venom Bolt                     Conjuration/Poison           5
 B - a book of Conjurations

   Spells                             Type                      Level
   a - Magic Dart                     Conjuration                  1
   b - Searing Ray                    Conjuration                  2
   c - Dazzling Spray                 Conjuration/Hexes            3
   d - Fulminant Prism                Conjuration/Hexes            4
   e - Force Lance                    Conjuration/Translocation    4
   f - Iskenderun's Mystic Blast      Conjuration                  4
 F - a book of Callings

   Spells                             Type                      Level
   a - Summon Small Mammal            Summoning                    1
   b - Call Imp                       Summoning                    2
   c - Call Canine Familiar           Summoning                    3
   d - Summon Guardian Golem          Hexes/Summoning              3
   e - Summon Lightning Spire         Summoning/Air                4
   f - Summon Ice Beast               Ice/Summoning                4
 T - a book of Necromancy

   Spells                             Type                      Level
   a - Pain                           Necromancy                   1
   b - Animate Skeleton               Necromancy                   1
   c - Vampiric Draining              Necromancy                   3
   d - Regeneration                   Charms/Necromancy            3
   e - Animate Dead                   Necromancy                   4
   f - Control Undead                 Necromancy                   4
Miscellaneous
 S - a sack of spiders
Comestibles
 f - 10 bread rations
 g - 9 meat rations
 j - a royal jelly


   Skills:
 - Level 3.8 Fighting
 - Level 3.9(11.2) Axes
 - Level 15.7(15.8) Maces & Flails
 + Level 1.9 Throwing
 - Level 14.4 Armour
 - Level 8.3 Dodging
   Level 3.8 Shields
 - Level 4.7 Charms
 - Level 5.1 Necromancy
 - Level 4.1 Evocations


You had 9 spell levels left.
You knew the following spells:

 Your Spells              Type           Power        Failure   Level  Hunger
a - Regeneration          Chrm/Necr      #.........   56%         3    ####...


Dungeon Overview and Level Annotations

Branches:
Dungeon (12/15)            Temple (0/1) D:6            Lair (4/6) D:11
  Swamp (0/4) Lair:2        Snake (0/4) Lair:4
    Orc: D:9-12

Altars:
Elyvilon
Fedhas
Gozag
Makhleb
Nemelex Xobeh
Okawaru
Qazlal
Ru
Sif Muna
Trog
Xom

Shops:
D:11 (   Lair:3 *

Annotations:
D:12 1 runed door, exclusion: orange crystal statue
Lair:4 Nessos


Innate Abilities, Weirdness & Mutations

You reflexively headbutt those who attack you in melee.
You have a pair of horns on your head.


Message History

You feel very sick.
Nessos blinks!
* * * LOW HITPOINT WARNING * * *
You feel sick.
You impale the bullfrog!!
You kill the bullfrog!
* * * LOW HITPOINT WARNING * * *
You feel sick.
* * * LOW HITPOINT WARNING * * *
You feel sick.
* * * LOW HITPOINT WARNING * * *
You feel sick.
Okay, then.
Unknown command.
As you read the scroll of identify, it crumbles to dust.
q - 2 potions of flight
* * * LOW HITPOINT WARNING * * *
You feel sick.
Nessos shoots an arrow.
The arrow hits you!!
You die...
Your body crumbles into a pile of gold.

#....## ...
##.##### # .
#.....P####..#
###.#.......#.)#
#...#..........#
#..##...c.......
#..............#
##.c#........##..
##..#..§<......#..
#..##..(........#.
#@.#...(........#.
#P.###...$(........
#..# ##......§....#
#... ##...........
..#. ##.........#
#.. ## ##.#....###
... ###.#.## ....
#####


You could see Nessos.

Vanquished Creatures
  Rupert (Lair:4)
  Snorg (Lair:3)
  6 hydras
  Josephine (D:11)
  2 two-headed ogres (D:8)
  Urug (D:11)
  A slime creature (D:12)
  3 black mambas
  4 elephants (Lair:3)
  8 spiny frogs
  Psyche (D:8)
  A gargoyle (D:10)
  2 komodo dragons (Lair:3)
  The ghost of Maxmaps the Conjurer, a novice OpFE of Cheibriados (D:5)
  A hornet (D:11)
  2 trolls
  A polar bear (Lair:2)
  Prince Ribbit (D:6)
  16 blink frogs
  10 hippogriffs
  Sigmund (D:3)
  A wyvern (Lair:2)
  6 wraiths
  6 yaks
  3 hogs (D:8)
  A hungry ghost (D:8)
  A human (D:8)
  Edmund (D:4)
  4 nagas (Lair:4)
  11 water moccasins
  10 porcupines
  6 orc warriors
  2 sky beasts
  A phantom (D:7)
  A black bear (D:8)
  3 centaurs
  9 wolves
  4 ogres
  5 crocodiles
  A big kobold (D:7)
  12 bullfrogs
  4 scorpions
  10 wights
  A howler monkey (D:8)
  4 electric eels (D:11)
  A crimson imp (D:8)
  A bullfrog zombie (D:5)
  Crazy Yiuf (D:4)
  A centaur skeleton (D:7)
  8 hounds
  A jelly (D:8)
  10 orc priests
  An iguana (D:5)
  13 orc wizards
  3 worker ants
  A killer bee zombie (D:5)
  A hound skeleton (D:4)
  A hound zombie (D:5)
  A howler monkey zombie (D:7)
  A worker ant zombie (D:7)
  Robin (D:2)
  15 adders
  2 shadow imps
  An adder zombie (D:7)
  An adder skeleton (D:4)
  A worm (D:3)
  3 dart slugs
  8 leopard geckos
  31 orcs
  10 bats
  3 giant cockroaches
  17 goblins
  12 hobgoblins
  22 jackals
  3 quokkas
  4 ball pythons
  2 frilled lizards
  12 kobolds
  A leopard gecko skeleton (D:4)
  A quokka zombie (D:8)
  7 rats
374 creatures vanquished.

Vanquished Creatures (others)
  An orc wizard (D:4)
  A plant (Lair:3)
2 creatures vanquished.

Grand Total: 376 creatures vanquished

Notes
Turn   | Place    | Note
-------+----------+-------------------------------------------
     0 | D:1      | pagos the Minotaur Fighter began the quest for the Orb.
     0 | D:1      | Reached XP level 1. HP: 19/19 MP: 0/0
   217 | D:1      | Reached XP level 2. HP: 27/27 MP: 1/1
   333 | D:1      | Reached XP level 3. HP: 27/33 MP: 2/2
   600 | D:2      | Found an opulent altar of Gozag.
   611 | D:2      | Became a worshipper of Gozag Ym Sagoz the Greedy
   638 | D:2      | Reached skill level 1 in Maces & Flails
   648 | D:2      | Noticed Robin
   649 | D:2      | Found a sacrificial altar of Ru.
   687 | D:2      | Reached skill level 2 in Maces & Flails
   716 | D:2      | Killed Robin
   716 | D:2      | Reached XP level 4. HP: 18/40 MP: 3/3
   778 | D:2      | Reached skill level 3 in Maces & Flails
  1158 | D:3      | Reached skill level 4 in Maces & Flails
  1158 | D:3      | Reached XP level 5. HP: 44/46 MP: 4/4
  1259 | D:3      | Reached skill level 5 in Maces & Flails
  1307 | D:3      | Found an iron altar of Okawaru.
  1452 | D:3      | Found a faded altar of an unknown god.
  1555 | D:3      | Noticed Sigmund
  1574 | D:3      | Killed Sigmund
  1574 | D:3      | Reached skill level 6 in Maces & Flails
  1574 | D:3      | Reached XP level 6. HP: 24/52 MP: 5/5
  1821 | D:4      | Found a white marble altar of Elyvilon.
  1832 | D:4      | Reached skill level 7 in Maces & Flails
  1987 | D:4      | Found a burning altar of Makhleb.
  2078 | D:4      | Reached XP level 7. HP: 34/58 MP: 6/6
  2100 | D:4      | Reached skill level 8 in Maces & Flails
  2217 | D:4      | Found a runed door.
  2249 | D:4      | Noticed Edmund
  2252 | D:4      | Found a burning altar of Makhleb.
  2268 | D:4      | Killed Edmund
  2268 | D:4      | Reached skill level 9 in Maces & Flails
  2580 | D:4      | Noticed Crazy Yiuf
  2583 | D:4      | Killed Crazy Yiuf
  2629 | D:5      | Entered Level 5 of the Dungeon
  2675 | D:5      | Noticed Maxmaps's ghost (novice OpFE)
  2683 | D:5      | Killed Maxmaps's ghost
  2683 | D:5      | Reached skill level 10 in Maces & Flails
  2683 | D:5      | Reached XP level 8. HP: 28/66 MP: 7/7
  3157 | D:5      | Found a sparkling altar of Nemelex Xobeh.
  3178 | D:5      | Reached skill level 11 in Maces & Flails
  3472 | D:6      | Found a bloodstained altar of Trog.
  3868 | D:6      | Noticed Prince Ribbit
  3886 | D:6      | Reached skill level 12 in Maces & Flails
  3889 | D:6      | Killed Prince Ribbit
  4202 | D:6      | Found a staircase to the Ecumenical Temple.
  4375 | D:7      | Reached skill level 13 in Maces & Flails
  4375 | D:7      | Reached XP level 9. HP: 71/71 MP: 8/8
  4571 | D:7      | Found a blossoming altar of Fedhas.
  4676 | D:7      | Reached skill level 14 in Maces & Flails
  4929 | D:8      | Noticed Psyche
  4941 | D:8      | Killed Psyche
  5042 | D:8      | Noticed a two-headed ogre
  5056 | D:8      | Killed a two-headed ogre
  5056 | D:8      | Reached skill level 15 in Maces & Flails
  5056 | D:8      | Reached XP level 10. HP: 58/78 MP: 9/9
  5085 | D:8      | Reached skill level 1 in Dodging
  5303 | D:8      | Noticed a two-headed ogre
  5305 | D:8      | Found a stormy altar of Qazlal.
  5311 | D:8      | Killed a two-headed ogre
  5311 | D:8      | Reached skill level 5 in Dodging
  5859 | D:9      | Found a shimmering altar of Xom.
  6016 | D:9      | You fall through a shaft for 3 floors!
  6109 | D:11     | Reached skill level 5 in Armour
  6393 | D:10     | Entered Level 10 of the Dungeon
  6431 | D:10     | Reached XP level 11. HP: 53/83 MP: 10/10
  6443 | D:10     | Found a deep blue altar of Sif Muna.
  6993 | D:11     | Found a deep blue altar of Sif Muna.
  7079 | D:11     | Found a staircase to the Lair.
  7144 | D:11     | Noticed Urug
  7424 | D:11     | Noticed Josephine
  7439 | D:11     | HP: 4/83 [Urug/enchanted demon trident (15)]
  7444 | D:11     | Killed Urug
  7548 | Lair:1   | Entered Level 1 of the Lair of Beasts
  7877 | D:11     | Killed Josephine
  7877 | D:11     | Reached skill level 10 in Armour
  7884 | D:11     | Found Poyhehos's Antique Weapon Shoppe.
  7971 | D:11     | Noticed a six-headed hydra
  7980 | D:11     | Killed a six-headed hydra
  8234 | D:12     | Found a runed door.
  8237 | D:12     | Noticed an orange crystal statue
  8329 | Lair:1   | Noticed a four-headed hydra
  8340 | Lair:1   | Killed a four-headed hydra
  8383 | Lair:1   | Noticed a six-headed hydra
  8388 | Lair:1   | Noticed a five-headed hydra
  8390 | Lair:1   | Killed a six-headed hydra
  8403 | Lair:1   | Killed a five-headed hydra
  8536 | Lair:1   | Reached XP level 12. HP: 19/91 MP: 11/11
  9760 | Lair:2   | Reached skill level 1 in Evocations
  9865 | Lair:2   | Found a staircase to the Swamp.
 10092 | Lair:3   | Noticed a seven-headed hydra
 10104 | Lair:3   | Killed a seven-headed hydra
 10409 | Lair:3   | Learned a level 3 spell: Regeneration
 10494 | Lair:3   | Reached skill level 1 in Charms
 10494 | Lair:3   | Reached skill level 1 in Necromancy
 10778 | Lair:3   | Noticed Snorg
 10784 | Lair:3   | Killed Snorg
 11281 | Lair:4   | Noticed a six-headed hydra
 11300 | Lair:3   | Killed a six-headed hydra
 11303 | Lair:3   | Reached XP level 13. HP: 53/96 MP: 14/15
 11445 | Lair:3   | Bought a scroll of identify for 24 gold pieces
 11445 | Lair:3   | Bought a bread ration for 60 gold pieces
 11445 | Lair:3   | Bought a potion of heal wounds for 60 gold pieces
 11445 | Lair:3   | Bought a meat ration for 60 gold pieces
 11698 | Lair:4   | Found a staircase to the Snake Pit.
 11810 | Lair:4   | Noticed Rupert
 11837 | Lair:4   | Killed Rupert
 11837 | Lair:4   | Reached skill level 5 in Necromancy
 11978 | Lair:4   | Reached skill level 1 in Throwing
 11981 | Lair:4   | Noticed Nessos
 11998 | Lair:4   | Shot with an arrow by Nessos

Vault maps used:
D:1:      dpeg_arrival_rooms_with_view
D:2:      nicolae_ru_awakened_eye, grunt_gozag_statues, minmay_heptomino_d4,
          uniq_robin
D:3:      cheibrodos_helix_gallery, okawaru_ov_weapons_minmay,
          chequers_ecumenical_altar_simple_redux, uniq_sigmund
D:4:      elyvilon_altar_5, kennysheep_mini, makhleb_heckhound_becter,
          uniq_crazy_yiuf_cottage, uniq_edmund
D:5:      first_bread, nemelex_xobeh_ov_fountains_minmay
D:6:      bloody_trog, minmay_temple_entry_statues_pillars,
          kennysheep_generic_room_15, uniq_prince_ribbit1
D:7:      overflow_temple_1_default
D:8:      grunt_livestock, grunt_ministairs_3, grunt_qazlal_sundering,
          uniq_psyche
D:9:      xom_teletrap_fun
D:10:     kennysheep_orc_sif_temple
D:11:     erik_lair_island, serial_shops, shop, lemuel_blue_sif_altar,
          uniq_josephine, uniq_urug
D:12:     orc_david_3, minmay_crystal_box
Lair:2:   swamp_mist_pool, serial_bayou_pond_c
Lair:3:   wad_woods_river_01, grunt_megastairs_3, infiniplex_staircase_pool_2,
          uniq_snorg
Lair:4:   guppyfry_snake_entry_island, minivault_19, serial_bayou_shore_b,
          serial_bayou_shore_a, grunt_megastairs_2, uniq_rupert, uniq_nessos

Skill      XL: |  1  2  3  4  5  6  7  8  9 10 11 12 13 |
---------------+----------------------------------------+-----
Axes           | 3 |  3.9
Maces & Flails | 2 4 6 7 10 13 15 | 15.7
Dodging        | 8 |  8.3
Armour         | 6 13 14 | 14.4
Evocations     | 4 |  4.1
Charms         | 3 4 |  4.7
Necromancy     | 3 5 |  5.1
Throwing       | 1 |  1.9
Fighting       | |  3.8
Shields        | |  3.8

Action                   |  1- 3 |  4- 6 |  7- 9 | 10-12 | 13-15 || total
-------------------------+-------+-------+-------+-------+-------++-------
Melee: War axe           |    63 |       |       |       |       ||    63
       Headbutt          |    12 |    32 |    45 |   134 |    22 ||   245
       Mace              |    49 |   163 |    41 |       |       ||   253
       Dire flail        |       |       |   189 |   605 |   109 ||   903
 Cast: Regeneration      |       |       |       |       |     1 ||     1
Invok: Call Merchant     |       |       |       |       |     1 ||     1
Evoke: Wand              |       |       |       |     3 |       ||     3
  Use: Scroll            |       |     3 |    12 |     9 |     1 ||    25
       Potion            |       |       |     2 |    11 |     4 ||    17
 Stab: Distracted        |       |       |       |     2 |       ||     2
  Eat: Fruit             |       |     4 |     4 |     1 |       ||     9
       Meat ration       |       |       |     1 |       |     1 ||     2
       Royal jelly       |       |       |     2 |     9 |     1 ||    12
Armor: Scale mail        |    71 |    87 |    17 |       |       ||   175
       Chain mail        |       |       |    20 |       |       ||    20
       Pearl dragon scal |       |       |    69 |   279 |    32 ||   380
Dodge: Dodged            |    44 |    50 |    73 |   337 |    60 ||   564
Block: Shield            |    70 |    83 |    11 |       |       ||   164
